 Dungeon Crawl Stone Soup version 0.30-a0-782-ge64f9170bb (webtiles) character file.

Game seed: 10784164251185159275

57 theswoord the Shooter (level 3, -1/20 HPs)
             Began as a Deep Elf Hunter on Feb 23, 2023.
             Succumbed to an adder's poison
             ... on level 2 of the Dungeon.
             The game lasted 00:01:50 (840 turns).

theswoord the Shooter (Deep Elf Hunter)              Turns: 840, Time: 00:01:51

Health: -1/20      AC:  7    Str: 10    XL:     3   Next: 73%
Magic:  5/5        EV:  9    Int: 13    God:
Gold:   120        SH:  0    Dex: 18    Spells: 2/2 levels left

rFire   . . .      SeeInvis .    a - +3 shortbow
rCold   . . .      Faith    .    (shield currently unavailable)
rNeg    . . .      Spirit   .    m - +0 scale mail
rPois   .          Reflect  .    (no helmet)
rElec   .          Harm     .    e - +0 cloak
rCorr   .          Rampage  .    (no gloves)
Will    .....                    (no boots)
Stlth   +                        (no amulet)
HPRegen 0.23/turn                (no ring)
MPRegen 0.09/turn                (no ring)

@: lethally poisoned (-1 -> -6)
A: no striking features
a: no special abilities


You were on level 2 of the Dungeon.
You visited 1 branch of the dungeon, and saw 2 of its levels.

You collected 120 gold pieces.

Inventory:

Hand Weapons
 a - a +3 shortbow (weapon)
Armour
 c - a +0 leather armour
 e - a +0 cloak (worn)
 m - a +0 scale mail (worn)
Jewellery
 j - a ring of willpower
Scrolls
 b - a scroll of immolation
 h - a scroll of teleportation
 k - a scroll of identify
 l - a scroll of enchant weapon
Potions
 d - a potion of mutation {unknown}
 f - a potion of flight {unknown}
 g - 2 potions of curing
 i - 2 potions of degeneration {unknown}
 n - a potion of attraction {unknown}


   Skills:
 - Level 1.5 Fighting
 + Level 7.2 Ranged Weapons
 - Level 2.4 Dodging
 - Level 1.2 Stealth


You had 2 spell levels left.
You didn't know any spells.
Your spell library contained the following spells:

 Spells                   Type           Power      Damage    Failure   Level
 Ozocubu's Armour         Ice            0%         N/A       100%        3
 Ozocubu's Refrigeration  Ice            0%         4d7       100%        7


Dungeon Overview and Level Annotations

Branches:
Dungeon (2/15)

Altars:


Message History

An adder is nearby!
You shoot an arrow. The arrow misses the adder.
You shoot an arrow. The arrow hits the adder.
The adder barely misses you. The adder completely misses you.
You shoot an arrow. The arrow barely misses the adder.
The adder misses you.
A bat comes into view.
The adder bites you but does no damage.
You shoot an arrow. The arrow misses the adder.
The bat closely misses you. The adder bites you.
You shoot an arrow. The arrow barely misses the adder.
The adder bites you but does no damage. The bat barely misses you.
The adder bites you.
You are poisoned.
The adder poisons you!
You shoot an arrow. The arrow completely misses the adder.
You feel sick. The bat hits you but does no damage.
The adder bites you but does no damage. x2
You shoot an arrow. The arrow hits the adder!
You feel sick. The bat hits you but does no damage. The adder bites you.
You are more poisoned.
The adder poisons you! The adder bites you.
You shoot an arrow.
The arrow hits the adder but does no damage.
You feel very sick. The adder bites you.
* * * LOW HITPOINT WARNING * * *
You are lethally poisoned!
The adder poisons you! The bat closely misses you. The adder barely misses you.
You shoot an arrow. The arrow closely misses the adder.
* * * LOW HITPOINT WARNING * * *
You feel very sick. The bat hits you but does no damage.
The adder bites you but does no damage. The adder bites you.
* * * LOW HITPOINT WARNING * * *
You shoot an arrow. The arrow hits the adder!
You kill the adder!
* * * LOW HITPOINT WARNING * * *
You feel sick. The bat hits you but does no damage.
You shoot an arrow. The arrow hits the bat!
You kill the bat!
You die...

........#...#.#
##..###...###.# #..#
##..# #.# ##†.##
##.###.# #....####.....#
### ).##..##......# ...#
.......†...##.# ##.....
#######..#.##.###.†....<
#.##......@†#
#.#####.##### #.#####.#
#.......# #########


There were no monsters in sight!

Vanquished Creatures
  An adder (D:2)
  2 worms (D:2)
  2 dart slugs
  2 ball pythons
  3 endoplasms
  A giant cockroach (D:2)
  4 goblins
  4 hobgoblins
  3 kobolds (D:2)
  3 quokkas
  5 bats
  7 rats
37 creatures vanquished.

Notes
Turn   | Place    | Note
-------+----------+-------------------------------------------
     0 | D:1      | theswoord the Deep Elf Hunter began the quest for the Orb.
     0 | D:1      | Reached XP level 1. HP: 12/12 MP: 3/3
   134 | D:1      | Reached XP level 2. HP: 16/16 MP: 4/4
   152 | D:1      | Reached skill level 6 in Ranged Weapons
   616 | D:2      | Reached XP level 3. HP: 20/20 MP: 5/5
   787 | D:2      | Reached skill level 7 in Ranged Weapons
   839 | D:2      | HP: 1/20 [poisoned by an adder]
   840 | D:2      | Succumbed to an adder's poison

Skill      XL: |  1  2  3 |
---------------+----------+-----
Ranged Weapons | 6 7 |  7.2
Fighting       | |  1.5
Dodging        | |  2.4
Stealth        | |  1.2

Action                     || total
---------------------------++-------
   Fire: Shortbow          ||    81
    Use: Scroll            ||     5
 Armour: Scale mail        ||    10
         Leather armour    ||     1
  Dodge: Dodged            ||    11

Levels and vault maps discovered:
D:1:      dpeg_arrival_stonehenge_8_columns, layout_rooms
D:2:      layout_loops_cross, palyth_stone_intersect, st_stairs_1,
          minmay_tetromino_o2
